woodfighter, chaotic female elven Rogue ---------- |........| +........| |........| |...<....| ----.----- # # a ### @ # # ### #----%----- #|........| #.........| |........| |..%.....| |.%......| |........| ---------- woodfighter the Rogue Experience level: 6 Strength: 14 Dexterity: 19 Constitution: 15 Intelligence: 12 Wisdom: 7 Charisma: 10 Health: 0(39) Energy: 25(25) Def: 3 Gold: 0 Moves: 2615 Dungeon seed: UsA_SF5S2YjKpHbJ Game ID: woodfighter_1515963053 Your Inventory: Weapons a - a +0 elven short sword (weapon in hand) v - 9 +0 elven daggers (in quiver) Armor e - an uncursed +1 leather armor (being worn) n - an uncursed +0 orcish helm q - an uncursed +0 orcish helm r - an uncursed +0 orcish helm N - an uncursed +0 dwarvish cloak Y - an uncursed +0 pair of water walking boots Comestibles i - an uncursed egg j - an uncursed pear z - an uncursed tripe ration I - an uncursed eucalyptus leaf V - an uncursed sprig of wolfsbane Wands h - a wand of opening (0:3) Tools f - an uncursed blindfold s - an uncursed sack y - an uncursed lock pick Contents of the sack: 838 gold pieces a [uncursed] scroll of blank paper a [uncursed] scroll of create monster a [uncursed] scroll of enchant weapon a [uncursed] scroll of scare monster a [cursed] scroll of teleportation a [uncursed] spellbook of cause fear a [uncursed] spellbook of detect treasure a [uncursed] potion of monster detection a [uncursed] ring of regeneration Spells and supernatural/magical abilities: Name Level Category Fail Memory W - pray for help -- divine ? -- Your skills at the end: Miscellaneous Skills wands [Basic] Weapon Skills dagger [Basic] short sword [Basic] Spellcasting Skills Final Attributes: You were devoutly aligned. You were sleep resistant. You were telepathic. You had infravision. You were very stealthy. You are dead. Vanquished creatures: a giant beetle 4 human zombies 2 rock piercers 2 fog clouds 2 gnome lords a gray ooze a puppy 2 floating eyes a kitten a kobold lord an iguana 2 jitterbugs a giant bat a monkey a dwarf zombie a werejackal a killer bee 2 coyotes a hobbit an acid blob a large kobold a gecko 2 hobgoblins 4 cave spiders a yellow mold a red mold 5 garter snakes 4 jackals a kobold 3 newts a goblin 2 sewer rats 5 grid bugs a bat 2 lichens a kobold zombie 64 creatures vanquished. Voluntary challenges: You did not cause conflict. You were not invisible. You did not have reflection. You were not displaced. You had been an atheist until turn 1949. You used a wielded weapon 100 times, starting on turn 4. You did not apply a unicorn horn. You did not use plumbed fixtures. You did not drink any magical draughts. You read items or engraved 1 time, starting on turn 1948. You never genocided any monsters. You never polymorphed an object. You never changed form. You used no wishes. You never split a pudding. You never wrote Elbereth's name. You violated your moral code, losing 5 points of alignment, starting on turn 1968. Dungeon overview: The Dungeons of Doom: levels 1 to 6 Level 1 a fountain a long staircase Level 2 a general store, a fountain, a sink stairs to The Gnomish Mines Level 3 a general store Level 4 Level 5 a general store Level 6 <- You were here The Gnomish Mines: Level 3 stairs to The Dungeons of Doom History has recorded: On T:1 you entered the Dungeons of Doom to retrieve the Amulet of Yendor! On T:272 you reached level 2 of The Dungeons of Doom. On T:400 you reached level 1 of The Gnomish Mines. On T:403 you advanced to experience level 2. On T:561 you reached level 3 of The Dungeons of Doom. On T:578 you advanced to experience level 3. On T:1101 you reached level 4 of The Dungeons of Doom. On T:1127 you advanced to experience level 4. On T:1883 you reached level 5 of The Dungeons of Doom. On T:1948 you advanced to experience level 5. On T:1949 you prayed to Kos. On T:2048 you advanced to experience level 6. On T:2526 you reached level 6 of The Dungeons of Doom. Score breakdown: Gold: 838 ( 83 points) Experience: 6 levels ( 500 points) Exploration: 6 levels ( 150 points) Discoveries: 16 items ( 800 points) Variety of kills: 36 monsters ( 1800 points) Major goal: (nothing yet) ( 0 points) Survival: died (score multiplied by 3) Total score: 9999 Latest messages: You kill the giant beetle! v - 2 +0 elven daggers (in quiver). (2x) There is an open door here. You see here a giant beetle corpse. You see here a human corpse. (2x) v - 2 +0 elven daggers (in quiver). (2x) You see here a dark blue spellbook. F - a dark blue spellbook. You put a dark blue spellbook into the sack. You put a yellow potion into the sack. You put a granite ring into the sack. You stop exploring. The killer bee stings! The killer bee just misses! You hear a muffled shatter. (4x) The killer bee stings! s - an uncursed sack. The killer bee stings! You die... Final status: Goodbye woodfighter the Rogue, killed by a killer bee... You died in The Dungeons of Doom on dungeon level 6 with 9999 points, and 838 pieces of gold, after 2615 moves. You were level 6 with a maximum of 39 hit points when you died.